 Dungeon Crawl Stone Soup version 0.23.0 (webtiles) character file.

Game seed: 1687674106962670103

334 Monsterracer the Poker (level 6, -17/50 HPs)
             Began as a Merfolk Chaos Knight on Feb 10, 2019.
             Was a Plaything of Xom.
             Killed from afar by Dowan (19 damage)
             ... with a shard of ice
             ... on level 4 of the Dungeon.
             The game lasted 00:05:06 (3841 turns).

Monsterracer the Poker (Merfolk Chaos Knight)       Turns: 3841, Time: 00:05:06

Health: -17/50     AC:  5    Str: 12    XL:     6   Next: 53%
Magic:  6/6        EV: 14    Int: 13    God:    Xom [....*.]
Gold:   242        SH:  0    Dex: 16    Spells: 5/5 levels left

rFire    . . .     SeeInvis .   a - +0 halberd
rCold    . . .     Gourm    .   (shield currently unavailable)
rNeg     . . .     Faith    .   b - +2 leather armour
rPois    .         Spirit   .   (no helmet)
rElec    .         Reflect  .   o - scarf {cloud immunity}
rCorr    .         Harm     .   (no gloves)
MR       +....                  (no boots)
Stlth    +.........             (no amulet)
HPRegen  0.16/turn              M - ring of protection from magic {!d}
MPRegen  0.10/turn              (no ring)

@: no status effects
A: change form in water, swift swim, stealthy swim, agile 1
a: Renounce Religion


You were on level 4 of the Dungeon.
You worshipped Xom.
You were a beloved toy of Xom.
You were not hungry.

You visited 1 branch of the dungeon, and saw 4 of its levels.

You collected 242 gold pieces.

Inventory:

Hand Weapons
 a - a +0 halberd (weapon)
Armour
 b - a +2 leather armour (worn)
 o - a scarf of cloud immunity (worn)
Jewellery
 M - a ring of protection from magic (left hand) {!d}
Wands
 p - a wand of polymorph (11)
Scrolls
 g - 4 scrolls of remove curse {unknown}
 i - a scroll of blinking {unknown}
 j - a scroll of enchant armour {unknown}
 l - a scroll of fear {!r}
 m - a scroll of random uselessness {unknown}
 t - 2 scrolls of teleportation {!r}
Potions
 d - a potion of heal wounds
 e - 3 potions of curing
 h - 2 potions of invisibility
 k - a potion of resistance
 n - 2 potions of mutation {!q}
 r - a potion of flight
 s - a potion of cancellation {unknown}
Comestibles
 c - 10 rations


   Skills:
 + Level 4.8 Fighting
 * Level 7.9 Polearms
 - Level 0.6 Armour
 + Level 5.0 Dodging


You had 5 spell levels left.
You didn't know any spells.
Your spell library contained the following spells:

 Spells                   Type           Power        Failure   Level  Hunger
 Poisonous Vapours        Pois/Air       #.....       52%         2    ###....
 Conjure Flame            Conj/Fire      #.......     75%         3    ####...
 Mephitic Cloud           Conj/Pois/Air  #.......     75%         3    ####...
 Summon Lightning Spire   Summ/Air       #.......     98%         4    #####..
 Fireball                 Conj/Fire      #.........   100%        5    ######.
 Bolt of Fire             Conj/Fire      #.........   100%        6    #######


Dungeon Overview and Level Annotations

Branches:
Dungeon (4/15)
 Temple: D:4-7

Altars:
Nemelex Xobeh
Xom
Zin

Annotations:
D:4 Dowan


Innate Abilities, Weirdness & Mutations

You revert to your normal form in water You are very nimble and swift while swimming.
You are very stealthy in the water. (Stealth+)
You are agile. (Dex +2)


Message History

You take 5 damage, and have 16/49 hp.
Duvessa hits you with a +0 short sword.
* * * LOW HITPOINT WARNING * * *
You take 1 damage, and have 15/49 hp.
Duvessa closely misses you. Duvessa hits you with a +0 short sword!
* * * LOW HITPOINT WARNING * * *
Duvessa hits you with a +0 short sword.
* * * LOW HITPOINT WARNING * * *
"Hum-dee-hum-dee-hum..."
Duvessa suddenly stops moving!
You take 14 damage, and have 1/49 hp.
MASSIVE DAMAGE!!
Unknown command.
Unknown command.
Dowan gestures wildly while chanting.
Dowan blinks!
An orc comes into view. It is wielding a +0 falchion.
Duvessa is no longer paralysed.
Duvessa closely misses you.
The orc shouts! "Fight to survive, mortal."
Duvessa's +0 short sword dances into the air!
You hear a shout!
You hear an angry hiss.
You hear a shout!
Duvessa misses you. Duvessa hits you.
* * * LOW HITPOINT WARNING * * *
You take 1 damage, and have 1/49 hp.
Duvessa misses you.
Your +0 short sword hits Duvessa!!
Unknown command.
Duvessa is no longer moving quickly.
Duvessa closely misses you.
Your +0 short sword hits Duvessa!
Duvessa hits your +0 short sword.
What are your orders? t - Shout!
Orders for allies: a - Attack new target. p - Attack previous target. r - Retreat! s - Stop attacking. g - Guard the area. f - Follow me.
Anything else - Cancel.
Retreat in which direction?
Press: ? - help, Dir - move target cursor, p - Duvessa You can't see that place. [the floor.]
You can't see that place.
Okay, then.
What are your orders? t - Shout!
Orders for allies: a - Attack new target. r - Retreat! s - Stop attacking. g - Guard the area. f - Follow me.
Anything else - Cancel.
Retreat in which direction?
Press: ? - help, Dir - move target cursor, f - adder
Aim: an adder
Okay, then.
What are your orders? t - Shout!
Orders for allies: a - Attack new target. r - Retreat! s - Stop attacking. g - Guard the area. f - Follow me.
Anything else - Cancel.
Gang up on whom?
Press: ? - help, Dir - move target cursor, f - adder
Aim: an adder Attack!
Your +0 short sword hits the adder!
The adder dies!
Duvessa hits your +0 short sword.
Your +0 short sword hits Duvessa!!
Duvessa dies!
You hear a distant wail of despair.
Your Dodging skill increases to level 5!
What are your orders? t - Shout!
Orders for allies: a - Attack new target. r - Retreat! s - Stop attacking. g - Guard the area. f - Follow me.
Anything else - Cancel.
Gang up on whom?
Press: ? - help, Dir - move target cursor, f - orc
Aim: an orc, wielding a +0 falchion and wearing a +0 chain mail
Okay, then.
Dowan seems to find hidden reserves of power!
Your +0 short sword completely misses the orc.
Your +0 short sword hits the orc.
Items here: ) [[[ † a +0 leather armour x2; a +0 dagger; a cursed -2 robe; an orc corpse What are your orders? t - Shout!
Orders for allies: a - Attack new target. r - Retreat! s - Stop attacking. g - Guard the area. f - Follow me.
Anything else - Cancel.
Gang up on whom?
Press: ? - help, Dir - move target cursor, f - Dowan
Aim: Dowan, wielding a +1 dagger of speed and wearing a +0 robe (fast) Attack!
Dowan casts a spell.
Dowan blinks!
An orc comes into view. It is wielding a +0 club.
Your +0 short sword hits the orc!
The orc dies!
Dowan gestures at you while chanting. The shard of ice hits you!!
You die...
Xom guffaws!

#.#
###.###.#
#.# #.#
#.# #.#
#.# #.#
#.#
####.#
#.#
#....#
#.#
#.####
#.# #.#
#.#####(#
#..)@e)§#
#######o#
#.# ..#
#S. #.#
... .#


You could see Dowan, an orc and a friendly +0 short sword.

Vanquished Creatures
  A worker ant (D:4)
  A gnoll (D:3)
  5 adders
  An ooze (D:1)
  4 dart slugs
  2 worms (D:2)
  4 leopard geckos
  8 orcs
  6 giant cockroaches
  11 goblins
  9 hobgoblins
  10 jackals
  9 kobolds
  2 quokkas
  8 bats
  7 frilled lizards
  7 rats
95 creatures vanquished.

Vanquished Creatures (collateral kills)
  Duvessa (D:4)
  Blork the orc (D:4)
  2 orc wizards
  Ijyb (D:3)
  An adder (D:4)
  A leopard gecko (D:3)
  2 orcs (D:4)
  A goblin (D:3)
10 creatures vanquished.

Vanquished Creatures (others)
  2 orc wizards (D:4)
  2 gnolls (D:3)
  An orc (D:4)
5 creatures vanquished.

Grand Total: 110 creatures vanquished

Notes
Turn   | Place    | Note
-------+----------+-------------------------------------------
     0 | D:1      | Monsterracer the Merfolk Chaos Knight began the quest for
                  | the Orb.
     0 | D:1      | Reached XP level 1. HP: 18/18 MP: 1/1
   105 | D:1      | XOM: silly message
   116 | D:1      | Reached XP level 2. HP: 24/24 MP: 2/2
   231 | D:1      | Reached skill level 5 in Polearms
   395 | D:1      | Reached XP level 3. HP: 29/29 MP: 3/3
   974 | D:1      | XOM: harmless Summ miscast
  1102 | D:2      | Reached XP level 4. HP: 33/37 MP: 4/4
  1158 | D:2      | XOM: divination: detect creatures
  1197 | D:2      | XOM: silly message
  1270 | D:2      | XOM: harmless Ice miscast
  1284 | D:2      | Reached skill level 6 in Polearms
  1338 | D:2      | XOM: noise
  1472 | D:2      | XOM: enchant monster (bad)
  1583 | D:2      | Found a sparkling altar of Nemelex Xobeh.
  1592 | D:2      | XOM: cloud trail
  1613 | D:2      | XOM: god gift: scroll labeled XATADENWAUM {god gift}
  1631 | D:2      | XOM: medium Ice miscast
  1897 | D:2      | XOM: cloud trail
  1909 | D:2      | XOM: scenery: create altars
  1986 | D:2      | XOM: god gift: short glowing staff {god gift}
  2053 | D:2      | XOM: scenery: create altars
  2135 | D:3      | XOM: scenery: create altars
  2142 | D:3      | XOM: smoke on damage
  2154 | D:3      | Reached XP level 5. HP: 41/42 MP: 5/5
  2201 | D:3      | Noticed Ijyb
  2210 | D:3      | Killed Ijyb
  2342 | D:3      | Identified Lakelust's Handbook of Feathers and the Arsonist
                  | (Xom gifted it to you on level 3 of the Dungeon)
  2342 | D:3      | XOM: god gift: Lakelust's Handbook of Feathers and the
                  | Arsonist
  2381 | D:3      | XOM: destruction
  2507 | D:3      | XOM: scenery: create altars
  2794 | D:3      | XOM: give mutation
  2794 | D:3      | Gained mutation: You are agile. (Dex +2) [Xom's grace]
  2854 | D:4      | Reached skill level 7 in Polearms
  2874 | D:4      | XOM: smoke on damage
  2926 | D:4      | XOM: medium Pois miscast
  2932 | D:4      | HP: 21/43 [poisoned by the capriciousness of Xom (residual
                  | poison)]
  2937 | D:4      | HP: 17/43 [poisoned by the capriciousness of Xom (residual
                  | poison)]
  2942 | D:4      | HP: 15/43 [poisoned by the capriciousness of Xom (residual
                  | poison)]
  2949 | D:4      | HP: 13/43 [poisoned by the capriciousness of Xom (residual
                  | poison)]
  2956 | D:4      | HP: 12/43 [poisoned by the capriciousness of Xom (residual
                  | poison)]
  2964 | D:4      | HP: 11/43 [poisoned by the capriciousness of Xom (residual
                  | poison)]
  3195 | D:4      | XOM: cloud trail
  3244 | D:4      | XOM: god gift: ration
  3260 | D:4      | Found a glowing silver altar of Zin.
  3283 | D:4      | Reached XP level 6. HP: 45/49 MP: 6/6
  3310 | D:4      | XOM: god gift: hand axe {god gift}
  3357 | D:4      | Noticed Blork the orc
  3380 | D:4      | XOM: cleaving
  3386 | D:4      | XOM: summons 3 friendly demons
  3392 | D:4      | Killed Blork the orc
  3468 | D:4      | XOM: scenery: create altars
  3689 | D:4      | XOM: divine lightning
  3798 | D:4      | Noticed Duvessa
  3799 | D:4      | Noticed Dowan
  3817 | D:4      | HP: 24/49 [Duvessa/+0 short sword (7)]
  3823 | D:4      | HP: 16/49 [Duvessa/+0 short sword (5)]
  3825 | D:4      | HP: 5/49 [Duvessa/+0 short sword (10)]
  3826 | D:4      | HP: 1/49 [Duvessa/+0 short sword (4)]
  3827 | D:4      | XOM: enchant monster (good)
  3835 | D:4      | HP: 1/49 [Duvessa (2)]
  3839 | D:4      | Killed Duvessa
  3839 | D:4      | Reached skill level 5 in Dodging
  3841 | D:4      | Killed from afar by Dowan

Skill      XL: |  1  2  3  4  5  6 |
---------------+-------------------+-----
Dodging        | 3 4 5 |  5.0
Polearms       | 5 6 7 |  7.9
Fighting       | 4 |  4.8
Armour         | |  0.6

Action                   |  1- 3 |  4- 6 || total
-------------------------+-------+-------++-------
Melee: Spear             |   143 |   126 ||   269
       Halberd           |       |    58 ||    58
  Use: Scroll            |       |     8 ||     8
 Stab: Paralysed         |     2 |       ||     2
       Sleeping          |     3 |       ||     3
  Eat: Chunk             |     1 |     5 ||     6
       Ration            |       |     1 ||     1
Armor: Leather armour    |    42 |    33 ||    75
Dodge: Dodged            |    75 |   128 ||   203

Levels and vault maps discovered:
D:1:      dpeg_arrival_windows_large_door, layout_loops_corners,
          kennysheep_small_spiral, minmay_domino_2
D:2:      layout_loops_ring, nemelex_lonely_heart_becter
D:3:      layout_loops_ring, hangedman_decor_growths, uniq_ijyb
D:4:      layout_loops_ring, kennysheep_mini_moat, first_ration,
          hangedman_decor_clover_reticule, uniq_duvessa, uniq_blork_the_orc
